 Dungeon Crawl Stone Soup version 0.32-a0-938-g40ac7a0 (webtiles) character file.

Game seed: 14791043500030250579

1019 Dorkslayer the Sneak (level 8, 0/48 HPs)
             Began as an Octopode Shapeshifter on Apr 17, 2024.
             Succumbed to Duvessa's poison
             ... on level 5 of the Dungeon.
             The game lasted 00:09:22 (3854 turns).

Dorkslayer the Sneak (Octopode Shapeshifter)        Turns: 3854, Time: 00:09:22

Health: 0/48       AC:  1    Str: 16    XL:     8   Next: 22%
Magic:  17/17      EV: 13    Int: 12    God:
Gold:   222        SH:  0    Dex: 17    Spells: 7/7 levels left

rFire   + .          .
                       - Unarmed
rCold   . . .        (no shield)
rNeg    . . .        (helmet currently unavailable)
rPois   .            (no amulet)
rElec   .            e - ring of protection from fire
rCorr   .            k - +6 ring of dexterity
SInv    .            l - ring of willpower
Will    +....        x - ring of magical power
Stlth   ++++         (no ring)
HPRegen 0.28/turn    (no ring)
MPRegen 0.15/turn    (no ring)
                     (no ring)

%: no passive effects
@: lethally poisoned (0 -> -13), beast-form
A: beast (slay +2), almost no armour, amphibious, 8 rings, camouflage 1,
gelatinous body 1, (nimble swimmer 1), tentacles
a: Begin Untransformation


You were on level 5 of the Dungeon.
You were a hulking beast.
You visited 1 branch of the dungeon, and saw 5 of its levels.

You collected 222 gold pieces.

Inventory:

Hand Weapons
 n - a +1 flail of holy wrath
Missiles
 q - a throwing net
 s - 2 javelins (quivered)
 t - 2 boomerangs
Jewellery
 e - a ring of protection from fire (left tentacle)
 k - a +6 ring of dexterity (right tentacle)
 l - a ring of willpower (on tentacle)
 x - a ring of magical power (on tentacle)
Talismans
 b - a beast talisman (active)
 c - a flux talisman
Wands
 j - a wand of polymorph (9)
Scrolls
 d - a scroll of teleportation
 u - a scroll of fear
 v - a scroll of vulnerability {unknown}
 w - a scroll of noise {unknown}
Potions
 a - 4 potions of lignification
 g - a potion of cancellation
 h - a potion of enlightenment
 i - a potion of resistance
 m - a potion of mutation
 o - 2 potions of haste
 p - a potion of curing
 z - a potion of heal wounds


   Skills:
 + Level 1.6 Fighting
 + Level 0.5 Throwing
 + Level 2.6 Dodging
 + Level 6.5 Stealth
 + Level 6.3 Unarmed Combat
 * Level 4.1 Evocations
 + Level 4.1 Shapeshifting


You had 7 spell levels left.
You didn't know any spells.
Your spell library contained the following spells:

 Spells                   Type           Power      Damage    Failure   Level
 Slow                     Hex            0%         N/A       32%         1
 Call Canine Familiar     Summ           0%         N/A       69%         3
 Confusing Touch          Hex            0%         N/A       69%         3
 Sigil of Binding         Hex            0%         N/A       69%         3
 Vampiric Draining        Necr           0%         2d6       69%         3
 Dimensional Bullseye     Hex/Tloc       0%         N/A       97%         4
 Summon Forest            Summ/Tloc      0%         N/A       100%        5
 Eringya's Noxious Bog    Alch           0%         4d6       100%        6
 Summon Hydra             Summ           0%         N/A       100%        7


Dungeon Overview and Level Annotations

Branches:
Dungeon (5/15)
 Temple: D:4-7

Altars:
Elyvilon
Uskayaw

Annotations:
D:5 Duvessa


Innate Abilities, Weirdness & Mutations

You are a hulking beast.
Your limbs bulge with bestial killing power. (Slay +2)
You cannot wear most types of armour.
You are amphibious.
You can wear up to eight rings at the same time.
Your skin changes colour to match your surroundings (Stealth+).
Your rubbery body absorbs attacks. (AC +1, EV +1)
((You are camouflaged when in or above water. (Stealth+)))
You have tentacles for arms and can constrict up to eight enemies at once.


Message History

You constrict Dowan.
Dowan gestures at Duvessa while chanting.
Duvessa seems to speed up.
You bludgeon Dowan!
Dowan is almost dead.
You constrict Dowan. Dowan hits you with a +0 dagger.
You tentacle-slap Dowan.
You kill Dowan!
Duvessa screams, "No!
How DARE you!"
Duvessa goes berserk!
Duvessa closely misses you.
Things that are here:
a +0 dagger; a +0 robe You tentacle-slap Duvessa.
Your grab misses Duvessa.
Duvessa is lightly wounded.
Duvessa closely misses you.
You tentacle-slap Duvessa but do no damage.
You grab Duvessa.
Duvessa is lightly wounded.
You constrict Duvessa.
Duvessa hits you with a +2 rapier of venom!
You are poisoned.
Duvessa hits you with a +2 rapier of venom!
You are more poisoned.
You tentacle-slap Duvessa.
Duvessa is lightly wounded.
You constrict Duvessa, but do no damage.
You feel very sick. Duvessa completely misses you.
You tentacle-slap Duvessa but do no damage.
You squeeze Duvessa.
Duvessa is lightly wounded.
You constrict Duvessa.
You feel very sick.
Duvessa hits you with a +2 rapier of venom!
* * * LOW HITPOINT WARNING * * *
You tentacle-slap Duvessa. You squeeze Duvessa!
Duvessa is heavily wounded.
You constrict Duvessa.
You die...

########################
.....................?.#
...............##......#
.....########..#........
.....# #..#.......#
.....# #.#)e......#
....## #...h.....# ....#
#.#.......# ...##
#.####....# ..## #.#
##### ### ..# ..


You could see Duvessa (berserk, fast).

Vanquished Creatures
  Eustachio (D:4)
  A water moccasin (D:5)
  A black bear (D:5)
  A phantom (D:5)
  3 scorpions (D:5)
  Dowan (D:5)
  A bombardier beetle (D:3)
  4 hounds
  Terence (D:2)
  3 orc wizards
  An adder (D:3)
  4 gnolls (D:4)
  A white imp (D:5)
  3 dart slugs
  2 ribbon worms
  10 orcs
  8 endoplasms
  5 giant cockroaches
  10 goblins
  7 hobgoblins
  3 jackals (D:3)
  7 kobolds
  7 quokkas
  8 ball pythons
  7 bats
  5 frilled lizards
  2 rats
107 creatures vanquished.

Notes
Turn   | Place    | Note
-------+----------+-------------------------------------------
     0 | D:1      | Dorkslayer the Octopode Shapeshifter began the quest for
                  | the Orb.
     0 | D:1      | Reached XP level 1. HP: 13/13 MP: 1/1
   232 | D:1      | Reached skill level 1 in Stealth
   232 | D:1      | Reached XP level 2. HP: 18/18 MP: 2/2
   949 | D:2      | Reached XP level 3. HP: 23/23 MP: 3/3
  1009 | D:2      | Found a white marble altar of Elyvilon.
  1092 | D:2      | Noticed Terence
  1101 | D:2      | Killed Terence
  1107 | D:2      | Reached XP level 4. HP: 5/28 MP: 4/4
  1781 | D:3      | Reached skill level 1 in Evocations
  1961 | D:3      | Reached XP level 5. HP: 31/33 MP: 5/5
  2179 | D:3      | Found a hide-covered altar of Uskayaw.
  2407 | D:4      | Noticed Eustachio
  2417 | D:4      | Killed Eustachio
  2418 | D:4      | Reached XP level 6. HP: 22/38 MP: 6/6
  2589 | D:4      | Reached skill level 5 in Stealth
  3285 | D:5      | Entered Level 5 of the Dungeon
  3328 | D:5      | Reached skill level 5 in Unarmed Combat
  3328 | D:5      | Reached XP level 7. HP: 36/43 MP: 7/7
  3698 | D:5      | Reached XP level 8. HP: 48/48 MP: 8/8
  3842 | D:5      | Noticed Dowan
  3844 | D:5      | Noticed Duvessa
  3848 | D:5      | Killed Dowan
  3854 | D:5      | Succumbed to Duvessa's poison

Illustrated notes

Levels and vault maps discovered:
D:1:      matt_arrival_debris, layout_loops_ring, minivault_11, minivault_24,
          roderic_lattice_a
D:2:      layout_loops_cross, basic_altar, minmay_misc_feat_hallway,
          minmay_unequal, uniq_terence
D:3:      layout_loops_ring, lemuel_crystal_altar
D:4:      layout_loops_ring, uniq_eustachio
D:5:      layout_cave_pods, uniq_duvessa

Skill      XL: |  1  2  3  4  5  6  7  8 |
---------------+-------------------------+-----
Stealth        | 1 2 3 4 5 6 |  6.5
Evocations     | 1 2 3 4 |  4.1
Unarmed Combat | 4 5 6 |  6.3
Shapeshifting  | 4 |  4.1
Fighting       | |  1.6
Throwing       | |  0.5
Dodging        | |  2.6

Action                     |  1- 3 |  4- 6 |  7- 9 || total
---------------------------+-------+-------+-------++-------
  Melee: Unarmed           |    54 |   107 |    41 ||   202
         Constrict         |    14 |    32 |    12 ||    58
         Tentacles         |     9 |    23 |    10 ||    42
         Punch             |     3 |     6 |     3 ||    12
  Throw: Javelin           |       |     3 |       ||     3
    Use: Scroll            |     3 |     1 |     6 ||    10
         Potion            |       |     1 |       ||     1
   Stab: Sleeping          |    10 |    16 |     1 ||    27
 Armour: Skin              |    14 |    38 |    23 ||    75
  Dodge: Dodged            |    19 |    37 |    21 ||    77

Table legend: (Time is in decaauts)
 A = Elapsed time spent in this place.
 B = Non-inter-level travel time spent in this place.
 C = Inter-level travel time spent in this place.
 D = Time resting spent in this place.
 E = Time spent auto-exploring this place.
 F = Levels seen in this place.
 G = Mean time per level.
                   A        B        C        D        E       F      G
               +--------+--------+--------+--------+--------+-----+--------+
         Total |   3824 |   3824 |      0 |     12 |   2260 |   5 |  764.8 |
       Dungeon |   3824 |   3824 |      0 |     12 |   2260 |   5 |  764.8 |
               +--------+--------+--------+--------+--------+-----+--------+

Top non-repeatable levels by time:
     D:4: 914 daAuts
     D:1: 835 daAuts
     D:2: 764 daAuts
     D:3: 745 daAuts
     D:5: 564 daAuts
